cohdb
Replays
Latest Replays
All Replays
Popular Replays
Top Player Replays
Match Explorer
How It Works
Community
CoH3 Stats
Reddit
Sign in to upload your games and track your stats! →
Sign in with Steam
Match 43694858
Unlisted
Match 43694858
Overview
Messages
Build Orders
End
Construct Barracks
Selects Armored Battlegroup
Selects Veteran Crews
1⁄4-ton 4x4 Truck
Riflemen Squad
Riflemen Squad
Riflemen Squad
M1 Mortar Team
Air Support Center
Engineer Squad
Double Sortie
P-47 Strafing Run
Grasshopper Recon Run
Construct Motor Pool
P-47 Dive Bomb
Grasshopper Recon Run
P-47 Dive Bomb
M24 Chaffee Light Tank
P-47 Strafing Run
P-47 Dive Bomb
Construct Tank Depot
Bish Bash Bosh
gicobiwolfe
MoriMusic
Penultimate Peacock
Aspegic
David.The traveler
L-B123797
.w3rd.
0
0
Comments
sign in to comment!
No comments posted yet!